 Dungeon Crawl Stone Soup version 0.29-a0-284-gf9362112df (webtiles) character file.

Game seed: 431409719679049878

36 sammy202020 the Skirmisher (level 3, -1/43 HPs)
             Began as a Demonspawn Berserker on Mar 23, 2022.
             Was a Follower of Trog.
             Slain by Sigmund
             ... wielding a +0 scythe
              (2 damage)
             ... on level 2 of the Dungeon.
             The game lasted 00:03:03 (1505 turns).

sammy202020 the Skirmisher (Demonspawn Berserker)   Turns: 1505, Time: 00:03:04

Health: -1/43      AC:  6    Str: 17    XL:     3   Next: 19%
Magic:  3/3        EV: 11    Int: 10    God:    Trog [*.....]
Gold:   96         SH:  0    Dex: 12    Spells: 2/2 levels left

rFire   . . .      SeeInvis .   a - +0 hand axe
rCold   . . .      Faith    .   (no shield)
rNeg    . . .      Spirit   .   f - +1 ring mail
rPois   .          Reflect  .   (helmet restricted)
rElec   .          Harm     .   (no cloak)
rCorr   .          Rampage  .   (no gloves)
Will    .....                   (no boots)
Stlth   ..........              (no amulet)
HPRegen 0.14/turn               (no ring)
MPRegen 0.08/turn               (no ring)

@: berserking, lethally poisoned (-1 -> -2), very quick
A: horns 1
a: Renounce Religion, Berserk


You were on level 2 of the Dungeon.
You worshipped Trog.
Trog was aware of your devotion.
You visited 1 branch of the dungeon, and saw 2 of its levels.

You collected 96 gold pieces.

Inventory:

Hand Weapons
 a - a +0 hand axe (weapon)
 e - a +0 vorpal hunting sling
Armour
 f - a +1 ring mail (worn)
Scrolls
 d - a scroll of blinking {unknown}
Potions
 b - a potion of cancellation
 c - a potion of lignification
 g - a potion of magic {unknown}
 i - a potion of flight {unknown}


   Skills:
 * Level 3.4 Fighting
 * Level 3.1 Axes
 * Level 2.2 Armour
 + Level 2.0 Dodging


You had 2 spell levels left.
You didn't know any spells.
Your spell library was empty.

Dungeon Overview and Level Annotations

Branches:
Dungeon (2/15)

Altars:
Okawaru

Annotations:
D:2 Sigmund


Innate Abilities, Weirdness & Mutations

You have a pair of small horns on your head.


Message History

You are too injured to fight recklessly!
You are too injured to fight recklessly!
You are too injured to fight recklessly!
You are too injured to fight recklessly!
You are too injured to fight recklessly!
You are too injured to fight recklessly!
You are too injured to fight recklessly!
There are monsters nearby!
A red film seems to cover your vision as you go berserk!
You feel yourself moving faster!
You feel mighty! The adder bites you but does no damage.
You closely miss the adder. Your headbutt misses the adder. You hit the worm.
Sigmund hits you but does no damage. The worm barely misses you.
The adder closely misses you.
You closely miss the adder. Your headbutt misses the adder.
You completely miss the worm. The adder misses you.
You completely miss the adder. You hit the worm.
Sigmund hits you from afar with a +0 scythe!
* * * LOW HITPOINT WARNING * * *
The adder bites you but does no damage. The worm misses you.
You closely miss the adder. Your headbutt misses the adder. You hit the worm.
You kill the worm!
Trog accepts your kill. The adder bites you.
* * * LOW HITPOINT WARNING * * *
You are poisoned.
The adder poisons you!
You barely miss the adder.
You feel sick.
Sigmund casts a spell.
Sigmund flickers and vanishes!
Deactivating autopickup; reactivate with Ctrl-A.
The adder closely misses you.
You closely miss the adder.
You feel sick. The adder bites you but does no damage. Something hits you.
* * * LOW HITPOINT WARNING * * *
You barely miss the adder.
* * * LOW HITPOINT WARNING * * *
You feel sick. The adder completely misses you.
You closely miss the adder. The adder misses you. Something hits you.
You die...

....#.#.#.# #.#
....# #.
#...#.#.#.# #.##
._..# #.
....#.#.#.# #..#
.....# ##
......#.#.#
##.##..... #.
..#.##....# #....#
#.
#.......)<#####.###
#.
....##....#..?..{#
##
######....#.##.#S##
#....# #..#@.#
###### #..##.# #.#
... #. ...# ## #.##
.. #.# ..


You could see an adder.

Vanquished Creatures
  A worm (D:2)
  2 dart slugs (D:1)
  A ball python (D:2)
  2 bats (D:1)
  6 endoplasms
  4 giant cockroaches
  2 goblins (D:2)
  A hobgoblin (D:1)
  A frilled lizard (D:1)
  3 kobolds (D:2)
  2 rats (D:1)
25 creatures vanquished.

Notes
Turn   | Place    | Note
-------+----------+-------------------------------------------
     0 | D:1      | sammy202020 the Demonspawn Berserker began the quest for
                  | the Orb.
     0 | D:1      | Reached XP level 1. HP: 18/18 MP: 1/1
   348 | D:1      | Discovered your monstrous ancestry.
   348 | D:1      | Gained mutation: You have a pair of small horns on your
                  | head. [demonic ancestry]
   348 | D:1      | Reached XP level 2. HP: 8/24 MP: 2/2
  1311 | D:2      | Reached XP level 3. HP: 27/29 MP: 3/3
  1446 | D:2      | Found a faded altar of an unknown god.
  1489 | D:2      | Found an iron altar of Okawaru.
  1489 | D:2      | Noticed Sigmund
  1503 | D:2      | HP: 2/43 [something (6)]
  1505 | D:2      | Slain by Sigmund

Illustrated notes

Levels and vault maps discovered:
D:1:      dpeg_arrival_erosion, layout_basic, hangedman_decor_diamond_cutter,
          hex_medium
D:2:      layout_basic, dreamdust_ecumenical_altar_hidden_monk_grotto,
          basic_altar, uniq_sigmund

Skill      XL: |  1  2  3 |
---------------+----------+-----
Armour         | 2 |  2.2
Axes           | 3 |  3.1
Dodging        | 2 |  2.0
Fighting       | |  3.4

Action                   || total
-------------------------++-------
Melee: Hand axe          ||    69
       Headbutt          ||    11
       Punch             ||     2
Invok: Berserk           ||     1
  Use: Scroll            ||     4
Armor: Animal skin       ||     4
       Ring mail         ||    24
Dodge: Dodged            ||    54

Table legend: (Time is in decaauts)
 A = Elapsed time spent in this place.
 B = Non-inter-level travel time spent in this place.
 C = Inter-level travel time spent in this place.
 D = Time resting spent in this place.
 E = Time spent auto-exploring this place.
 F = Levels seen in this place.
 G = Mean time per level.
                   A        B        C        D        E       F      G
               +--------+--------+--------+--------+--------+-----+--------+
         Total |   1512 |   1501 |     11 |      0 |   1304 |   2 |  756.0 |
       Dungeon |   1512 |   1501 |     11 |      0 |   1304 |   2 |  756.0 |
               +--------+--------+--------+--------+--------+-----+--------+

Top non-repeatable levels by time:
     D:1: 1172 daAuts
     D:2: 340 daAuts
